 Dungeon Crawl Stone Soup version 0.18-a0-1560-ge216ca8 (webtiles) character file.

156930 Tomstefer the Black Belt (level 17, 0/94 HPs)
             Began as a Vine Stalker Monk on Mar 12, 2016.
             Was a High Priest of Cheibriados.
             Succumbed to a naga ritualist's toxic radiance
             ... on level 4 of the Snake Pit.
             The game lasted 01:16:46 (23677 turns).

Tomstefer the Black Belt (Vine Stalker Monk)       Turns: 23677, Time: 01:16:46

Health: 0/94       AC: 31    Str: 33    XL:     17   Next: 68%
Magic:  21/23      EV: 19    Int: 29    God:    Cheibriados [*****.]
Gold:   1552       SH: 10    Dex: 34    Spells: 0 memorised, 16 levels left

rFire  + + .     SeeInvis +       - Unarmed
rCold  . . .     Gourm    .     O - +2 plate armour {rF+}
rNeg   + + .     Faith    .     e - +0 buckler
rPois  .         Spirit   +     f - +2 helmet
rElec  .         Dismiss  .     s - +0 cloak "Penaad" {rN+ MR+ Str+4}
rCorr  .         Reflect  +     (no gloves)
SustAt .         Harm     .     q - +2 pair of boots "Juos" {MR+ Int+2 Dex-2 SInv}
MR     ++++.                    P - +2 amulet of reflection
Stlth  ..........               a - ring of Shadows {Umbra +Inv rN+ SInv}
                                c - ring "Bahuxix" {rF+ AC+6 Int+2 Slay+2}

@: lethally poisoned (0 -> -36), about to teleport, very slightly contaminated,
wreathed by umbra, very slow, incredibly resistant to hostile enchantments,
extremely unstealthy
A: fangs 3, regeneration 3, magic shield, antimagic bite, no device heal 3, rot
immunity
a: Bend Time, Temporal Distortion, Slouch, Step From Time, Renounce Religion,
Evoke Invisibility


You were on level 4 of the Snake Pit.
You worshipped Cheibriados.
Cheibriados was extremely pleased with you.
You were near starving.

You visited 6 branches of the dungeon, and saw 28 of its levels.

You collected 2586 gold pieces.
You spent 1034 gold pieces at shops.

Inventory:

Missiles
 u - 529 stones (quivered)
Armour
 e - a +0 buckler (worn)
 f - a +2 helmet (worn)
 q - the +2 pair of boots "Juos" (worn) {MR+ Int+2 Dex-2 SInv}
   (You found it on level 2 of the Lair of Beasts)

   It affects your intelligence (+2).
   It affects your dexterity (-2).
   It affects your resistance to hostile enchantments.
   It lets you see invisible.
 s - the +0 cloak "Penaad" (worn) {rN+ MR+ Str+4}
   (You acquired it on level 2 of the Orcish Mines)

   It affects your strength (+4).
   It protects you from negative energy.
   It affects your resistance to hostile enchantments.
 O - a +2 plate armour of fire resistance (worn)
Jewellery
 a - the ring of Shadows (right hand) {Umbra +Inv rN+ SInv}
   (You found it on level 4 of the Dungeon)

   [ring of positive energy]

   It protects you from negative energy.
   It lets you see invisible.
   It lets you turn invisible.
 c - the ring "Bahuxix" (left hand) {rF+ AC+6 Int+2 Slay+2}
   (You acquired it on level 1 of the Lair of Beasts)

   [ring of protection]

   It affects your AC (+6).
   It affects your intelligence (+2).
   It affects your accuracy and damage with ranged weapons and melee attacks
   (+2).
   It protects you from fire.
 D - an uncursed ring of protection from magic
 N - an uncursed ring of resist corrosion
 P - a +2 amulet of reflection (around neck)
Wands
 g - a wand of acid (9/15)
 y - a wand of lightning (6/15)
 z - a wand of disintegration (12/24)
 I - a wand of slowing (6/48)
 L - a wand of digging (11/24)
 X - a wand of iceblast (5/15)
 Y - a wand of flame (28/48)
Scrolls
 i - 2 scrolls of identify
 m - 2 scrolls of brand weapon
 o - 5 scrolls of enchant armour
 p - 3 scrolls of amnesia
 r - 6 scrolls of teleportation
 A - 5 scrolls of remove curse
 F - 4 scrolls of fear
 K - 6 scrolls of blinking
 Q - 4 scrolls of recharging
 V - 2 scrolls of magic mapping
Potions
 d - 4 potions of agility
 h - 3 potions of resistance
 t - 9 potions of curing
 B - 2 potions of might
 C - a potion of cancellation
 M - a potion of brilliance
 U - a potion of cure mutation
Books
 v - an Akashic Record

   Spells                             Type                      Level
   a - Dispersal                      Translocation                6
   b - Malign Gateway                 Summoning/Translocation      7
   c - Disjunction                    Translocation                8
   d - Controlled Blink               Translocation                8
Miscellaneous
 l - a disc of storms
 R - a stone of tremors
 Z - a sack of spiders
Comestibles
 b - 14 bread rations
 j - 36 fruits
 k - 10 royal jellies
 n - 2 slices of pizza
 w - 13 meat rations
 x - 13 beef jerkies


   Skills:
 + Level 12.4 Fighting
 + Level 11.3 Armour
 + Level 10.1 Dodging
 - Level 2.4 Stealth
 - Level 4.0 Shields
 * Level 19.8 Unarmed Combat
 - Level 7.8 Invocations


You had 16 spell levels left.
You didn't know any spells.

Dungeon Overview and Level Annotations

Branches:
Dungeon (12/15)            Temple (1/1) D:4            Lair (8/8) D:9
  Swamp (0/4) Lair:3        Snake (4/4) Lair:6        Slime (0/6) Lair:7
    Orc (2/2) D:11            Elf (1/3) Orc:2

Altars:
Ashenzari
Cheibriados
Dithmenos
Elyvilon
Fedhas
Gozag
Kikubaaqudgha
Makhleb
Nemelex Xobeh
Okawaru
Pakellas
Qazlal
Ru
Sif Muna
Trog
Vehumet
Xom
Yredelemnul
Zin
The Shining One
Jiyva

Shops:
D:5 =   D:6 [   D:8 %   Orc:2 ((?(   Snake:1 *   Snake:3 %

Annotations:
D:9 exclusion: obsidian statue
D:11 exclusion: obsidian statue


Innate Abilities, Weirdness & Mutations

You have razor-sharp teeth.
You regenerate.
When hurt, damage is shared between your health and your magic reserves.
Your bite disrupts and absorbs the magic of your enemies.
Potions and wands cannot restore your health.
You are immune to rotting.


Message History

A naga ritualist comes into view. It is wielding a scimitar of venom.
Things that are here:
a dagger of venom; a robe; a naga corpse Read which item? (? for menu, Esc to quit)
As you read the scroll of teleportation, it crumbles to dust.
You feel strangely unstable.
* * * LOW HITPOINT WARNING * * *
You feel very sick. You block the naga warrior's attack.
The naga warrior grabs you. The naga warrior constricts you.
Unknown command.
Drink which item? (? for menu, Esc to quit)
Okay, then.
Read which item? (? for menu, Esc to quit)
Blink to where?
Press: ? - help, Dir - move target cursor You escape the naga warrior's grasp.
You are very lightly contaminated with residual magic.
As you read the scroll of blinking, it crumbles to dust.
You die...

#####......# ............##
...........# #..# #.#####.###.##
............. ...# #.#####.###.##
........##.#. #..# #.........#.##
.. .....##.. #..# #.........#...
###### ##..##..# #.........####
...... ........###.........#
.............................#
##### #.........@.##.........#
#...........########.###
#...........# #.#
######...........########.#
##.........................#
.#................#........###
.#.........)).....#....#.#.#.##
.#......N§).......#.......<...###
##...N..######..)##....#.#)#.#...


There were no monsters in sight!

Vanquished Creatures
  Rupert (Lair:7)
  Gastronok (D:11)
  3 greater nagas (Snake:4)
  Maud (D:10)
  Louise (Snake:2)
  Aizul (Snake:2)
  The ghost of bl4d3 the Cleaver, a journeyman GrFi of the Shining One (Lair:2)
  14 naga warriors
  8 hydras
  6 anacondas
  4 dancing weapons (Elf:1)
  The ghost of Uhlv the Blocker, a journeyman GrFi of the Shining One (D:11)
  4 ogre magi (Orc:2)
  11 shock serpents
  17 death yaks
  8 naga sharpshooters
  An orc high priest (Orc:1)
  4 deep elf knights (Elf:1)
  3 salamander mystics
  An unseen horror (D:11)
  4 naga ritualists
  5 deep elf archers (Elf:1)
  2 hill giants (D:10)
  21 deep elf magi (Elf:1)
  11 mana vipers
  An orc knight (Orc:2)
  2 orc sorcerers
  4 griffons
  2 cyclopes
  17 salamanders
  26 black mambas
  12 elephants
  Maurice (D:8)
  4 guardian serpents
  Joseph (D:8)
  12 spiny frogs
  7 naga magi
  A gargoyle (D:10)
  2 torpor snails (Lair:4)
  5 rime drakes
  The ghost of bl4d3 the Chopper, a novice GrFi (D:5)
  3 komodo dragons
  2 spriggan druids (Lair:8)
  2 trolls (Orc:1)
  9 polar bears (Lair:8)
  19 two-headed ogres
  27 blink frogs
  An air elemental (Elf:1)
  5 redbacks (Lair:8)
  13 spriggans (Lair:8)
  A hungry ghost (D:8)
  30 yaks
  9 hippogriffs
  A basilisk (Lair:3)
  2 water elementals (Elf:1)
  A wyvern (Lair:8)
  26 nagas
  A warg (Orc:1)
  A soldier ant (shapeshifter) (Elf:1)
  2 soldier ants (D:9)
  A mottled dragon (Lair:5)
  8 porcupines
  14 water moccasins
  20 orc warriors
  2 sky beasts (D:7)
  3 wasps
  10 black bears
  An ice beast (D:6)
  30 ogres
  3 phantoms
  38 wolves
  4 centaurs
  3 big kobolds (D:11)
  16 crocodiles
  13 giant frogs
  2 earth elementals (Elf:1)
  A wyvern skeleton (D:7)
  A scorpion (D:5)
  2 howler monkeys
  10 crimson imps
  A quasit (D:6)
  A lava snake (Snake:4)
  A giant frog zombie (D:9)
  8 hounds
  A jelly (D:6)
  A centaur zombie (D:8)
  3 giant frog skeletons (D:11)
  15 orc priests
  7 iguanas
  18 orc wizards
  10 worker ants
  A killer bee zombie (D:7)
  19 sheep
  A hound zombie (D:9)
  A hound skeleton (D:5)
  A worker ant zombie (D:3)
  A howler monkey zombie (D:8)
  7 gnolls
  A howler monkey skeleton (D:8)
  9 adders
  61 river rats
  4 shadow imps
  2 oozes
  2 worms
  5 giant geckos
  76 orcs
  4 giant cockroaches
  A goblin (D:3)
  8 hobgoblins
  6 jackals
  22 kobolds
  4 quokkas
  A ball python (D:3)
  6 bats
  5 giant newts
  A quokka skeleton (D:5)
  8 rats
892 creatures vanquished.

Vanquished Creatures (others)
  A deep elf knight (Elf:1)
  A deep elf archer (Elf:1)
  3 orcs
  A kobold (D:11)
  35 fungi
  5 plants (Lair:8)
46 creatures vanquished.

Grand Total: 938 creatures vanquished

Notes
Turn   | Place    | Note
--------------------------------------------------------------
     0 | D:1      | Tomstefer the Vine Stalker Monk began the quest for the Orb.
     0 | D:1      | Reached XP level 1. HP: 11/11 MP: 2/2
   382 | D:1      | Reached XP level 2. HP: 16/16 MP: 3/3
  1109 | D:2      | Found a stormy altar of Qazlal.
  1110 | D:2      | Found a shattered altar of Ashenzari.
  1140 | D:2      | Reached XP level 3. HP: 20/20 MP: 2/4
  1581 | D:2      | Found a burning altar of Makhleb.
  1602 | D:2      | HP: 1/20 [hound (2)]
  1621 | D:1      | Reached skill level 5 in Unarmed Combat
  1621 | D:1      | Reached XP level 4. HP: 6/24 MP: 2/5
  1849 | D:3      | Reached XP level 5. HP: 25/28 MP: 6/6
  2585 | D:4      | Reached skill level 6 in Unarmed Combat
  2708 | D:4      | Found a shimmering altar of Xom.
  2708 | D:4      | Found a blossoming altar of Fedhas.
  2811 | D:4      | Gained mutation: You heal very quickly. [Vine Stalker growth]
  2811 | D:4      | Reached XP level 6. HP: 31/33 MP: 7/7
  2988 | D:4      | Found a staircase to the Ecumenical Temple.
  3058 | Temple   | Entered the Ecumenical Temple
  3124 | Temple   | Became a worshipper of Cheibriados the Contemplative
  3124 | Temple   | Reached * piety under Cheibriados
  3124 | Temple   | Reached ** piety under Cheibriados
  3533 | D:5      | Entered Level 5 of the Dungeon
  3551 | D:5      | Found Ycehyeliv's Jewellery Shoppe.
  3569 | D:5      | Got a tattered robe
  3598 | D:5      | Identified the +3 robe of Peziere {+Blink SInv Stlth+} (You found it on level 5 of the Dungeon)
  3726 | D:5      | Noticed bl4d3's ghost (novice GrFi)
  4016 | D:5      | Reached XP level 7. HP: 38/38 MP: 8/8
  4111 | D:5      | Reached skill level 1 in Shields
  4111 | D:5      | Reached skill level 7 in Unarmed Combat
  4234 | D:5      | Killed bl4d3's ghost
  4234 | D:5      | Reached skill level 5 in Fighting
  4674 | D:6      | Reached skill level 8 in Unarmed Combat
  4674 | D:6      | Gained mutation: You have razor-sharp teeth. [Vine Stalker growth]
  4674 | D:6      | Reached XP level 8. HP: 31/43 MP: 5/9
  4955 | D:6      | Reached *** piety under Cheibriados
  4998 | D:6      | Found Erae's Armour Shoppe.
  5234 | D:7      | Found a deep blue altar of Sif Muna.
  5237 | D:7      | Found a sparkling altar of Nemelex Xobeh.
  5237 | D:7      | Found a glowing golden altar of the Shining One.
  5288 | D:7      | Reached skill level 9 in Unarmed Combat
  5387 | D:7      | Reached XP level 9. HP: 48/48 MP: 10/10
  5549 | D:7      | Reached **** piety under Cheibriados
  5782 | D:7      | Found a sacrificial altar of Ru.
  5782 | D:7      | Found an iron altar of Okawaru.
  5829 | D:8      | Noticed a two-headed ogre
  5832 | D:8      | Killed a two-headed ogre
  5946 | D:8      | Reached skill level 1 in Armour
  5946 | D:8      | Reached skill level 10 in Unarmed Combat
  5946 | D:8      | Reached skill level 1 in Invocations
  6102 | D:8      | Noticed Maurice
  6120 | D:8      | Killed Maurice
  6168 | D:8      | Found Rig Leza's Food Boutique.
  6343 | D:8      | Noticed a two-headed ogre
  6351 | D:8      | Killed a two-headed ogre
  6407 | D:8      | Noticed Joseph
  6425 | D:8      | Killed Joseph
  6425 | D:8      | Reached skill level 11 in Unarmed Combat
  6425 | D:8      | Reached XP level 10. HP: 25/53 MP: 11/13
  6520 | D:8      | Reached ***** piety under Cheibriados
  6618 | D:9      | Found a staircase to the Lair.
  6672 | D:9      | Noticed a spiny frog
  6688 | D:9      | Killed a spiny frog
  6884 | D:9      | Noticed an obsidian statue
  7255 | D:10     | Entered Level 10 of the Dungeon
  7258 | D:10     | Noticed a hill giant
  7277 | D:10     | Killed a hill giant
  7277 | D:10     | Reached skill level 12 in Unarmed Combat
  7277 | D:10     | Reached skill level 5 in Invocations
  7467 | D:10     | Noticed a hill giant
  7473 | D:10     | Killed a hill giant
  7473 | D:10     | Reached XP level 11. HP: 56/56 MP: 14/16
  7658 | D:10     | Noticed Maud
  7672 | D:10     | Killed Maud
  7741 | D:10     | Reached skill level 5 in Armour
  7986 | D:10     | Noticed a cyclops
  7991 | D:10     | Killed a cyclops
  8045 | D:10     | Reached skill level 13 in Unarmed Combat
  8137 | D:11     | Noticed Gastronok
  8160 | D:11     | Killed Gastronok
  8394 | D:11     | Noticed an obsidian statue
  8399 | D:11     | Reached ****** piety under Cheibriados
  8491 | D:11     | Noticed an unseen horror
  8495 | D:11     | Killed an unseen horror
  8593 | D:11     | Noticed Uhlv's ghost (journeyman GrFi)
  8622 | D:11     | Killed Uhlv's ghost
  8845 | D:11     | Gained mutation: You regenerate. [Vine Stalker growth]
  8845 | D:11     | Reached XP level 12. HP: 63/63 MP: 18/18
  8858 | D:11     | Found a staircase to the Orcish Mines.
  9441 | Lair:1   | Entered Level 1 of the Lair of Beasts
  9479 | Lair:1   | Identified a -3 rod of inaccuracy (14/14) (You found it on level 11 of the Dungeon)
  9900 | Lair:1   | Identified a scroll of acquirement
  9903 | Lair:1   | Got a smoking lead ring
  9905 | Lair:1   | Identified the ring "Bahuxix" {rF+ AC+6 Int+2 Slay+2} (You acquired it on level 1 of the Lair of Beasts)
 10247 | Lair:2   | Noticed bl4d3's ghost (journeyman GrFi)
 10274 | Lair:2   | Killed bl4d3's ghost
 10293 | Lair:2   | Reached skill level 14 in Unarmed Combat
 10480 | Lair:2   | Got a pair of spiked boots
 10491 | Lair:2   | Identified the +2 pair of boots "Juos" {MR+ Int+2 Dex-2 SInv} (You found it on level 2 of the Lair of Beasts)
 10592 | Lair:2   | Noticed a seven-headed hydra
 10600 | Lair:2   | Killed a seven-headed hydra
 10737 | Lair:2   | Noticed an eight-headed hydra
 10746 | Lair:2   | Killed an eight-headed hydra
 11161 | Lair:3   | Found a staircase to the Swamp.
 11215 | Lair:3   | Noticed a five-headed hydra
 11221 | Lair:3   | Killed a five-headed hydra
 11312 | Lair:3   | Reached XP level 13. HP: 65/68 MP: 19/19
 11974 | Lair:4   | Reached skill level 15 in Unarmed Combat
 12124 | Lair:4   | Found a snail-covered altar of Cheibriados.
 13301 | Lair:5   | Reached skill level 5 in Dodging
 13738 | Lair:6   | You fall through a shaft for 2 floors!
 13738 | Lair:8   | Entered Level 8 of the Lair of Beasts
 13788 | Lair:8   | Reached skill level 16 in Unarmed Combat
 13834 | Lair:8   | Reached XP level 14. HP: 75/75 MP: 20/20
 13938 | Lair:8   | Identified the Volume of Shifting Poison
 15387 | Lair:7   | Noticed Rupert
 15388 | Lair:7   | Paralysed by Rupert for 5 turns
 15399 | Lair:7   | Killed Rupert
 15399 | Lair:7   | Reached skill level 10 in Fighting
 15432 | Lair:7   | Reached skill level 17 in Unarmed Combat
 15490 | Lair:7   | Found a viscous altar of Jiyva.
 15491 | Lair:7   | Found a staircase to the Slime Pits.
 15603 | Lair:7   | Reached XP level 15. HP: 80/80 MP: 21/21
 16478 | Lair:6   | Found a staircase to the Snake Pit.
 16964 | Orc:1    | Entered Level 1 of the Orcish Mines
 17033 | Orc:2    | Entered Level 2 of the Orcish Mines
 17078 | Orc:2    | Found a staircase to the Elven Halls.
 17994 | Orc:2    | Found Rimn's Antique Weapon Shoppe.
 17994 | Orc:2    | Found Ashit's Antique Weapon Boutique.
 17994 | Orc:2    | Found Saulukoe's Weapon Shop.
 17994 | Orc:2    | Found Puycoc's Magic Scroll Shoppe.
 18002 | Orc:2    | Reached skill level 18 in Unarmed Combat
 18026 | Orc:2    | Bought a scroll of acquirement for 780 gold pieces
 18026 | Orc:2    | Bought a scroll of blinking for 112 gold pieces
 18026 | Orc:2    | Bought a scroll of teleportation for 45 gold pieces
 18026 | Orc:2    | Bought a scroll of fear for 52 gold pieces
 18026 | Orc:2    | Bought a scroll of teleportation for 45 gold pieces
 18027 | Orc:2    | Got a polished cloak
 18038 | Orc:2    | Identified the +0 cloak "Penaad" {rN+ MR+ Str+4} (You acquired it on level 2 of the Orcish Mines)
 18300 | Elf:1    | Entered Level 1 of the Elven Halls
 18761 | Elf:1    | Reached XP level 16. HP: 87/87 MP: 22/22
 18800 | Elf:1    | Reached skill level 10 in Armour
 19759 | Snake:1  | Entered Level 1 of the Snake Pit
 20241 | Snake:1  | Found Diongin's General Store.
 20448 | Snake:2  | Noticed Louise
 20451 | Snake:2  | Noticed Aizul
 20461 | Snake:2  | Killed Louise
 20465 | Snake:2  | Killed Aizul
 20589 | Snake:2  | Reached skill level 19 in Unarmed Combat
 21313 | Snake:3  | Reached XP level 17. HP: 81/93 MP: 23/23
 21536 | Snake:3  | Found Jypieh's Food Shoppe.
 22626 | Snake:4  | Entered Level 4 of the Snake Pit
 23609 | Snake:4  | Reached skill level 10 in Dodging
 23676 | Snake:4  | HP: 3/94 [poisoned by a naga ritualist (toxic radiance)]
 23677 | Snake:4  | Succumbed to a naga ritualist's toxic radiance

Vault maps used:
D:1:      erik_arrival_triangle_medium, corexii_item_surrounded_by_moat,
          serial_bayou_lagoon_b
D:2:      makhleb_heckhound_becter, grunt_temple_overflow_open
D:4:      gammafunk_temple_overflow_wave, minmay_temple_entry_enclosed_plants,
          first_bread
D:5:      serial_shops, shop
D:6:      serial_shops, kennysheep_mini
D:7:      nicolae_overflow_hidden_temple
D:8:      serial_shops, shop, uniq_maurice, uniq_joseph
D:9:      dpeg_lair_monsters, hangedman_pestilent_swarm, minmay_protected_statue
D:10:     uniq_maud
D:11:     minmay_statue_hallways, david_orc_4, kennysheep_nub, uniq_gastronok
Temple:   roderic_octagonal_lattice_temple
Lair:1:   grunt_megastairs_3
Lair:3:   beast_lair_carwin_large_4, swamp_mist, lemuel_fruit_tree
Lair:4:   kennysheep_snail_temple
Lair:5:   bobbens_dragon_lair_wall
Lair:6:   minmay_snake_entry_guardpost_medium, serial_bayou_shore_b,
          grunt_megastairs_1
Lair:7:   slime_altar_1, grunt_forest_large_clearings, uniq_rupert
Lair:8:   minmay_lair_end_enchanted_forest
Snake:1:  serial_shops, shop, st_stairs_12
Snake:2:  uniq_aizul, uniq_louise
Snake:3:  serial_shops, nicolae_shop_trees, grunt_ministairs_15,
          hangedman_corner_corridor
Snake:4:  johnstein_snake_rune_scales, st_stairs_8
Orc:2:    st_orc_ogre_mass, amalloy_card_club
Elf:1:    elf_arrival_001, evilmike_minifort

Skill      XL: |  1  2  3  4  5  6  7  8  9 10 11 12 13 14 15 16 17 |
---------------+----------------------------------------------------+-----
Fighting       | 3 4 5 6 7 8 9 10 11 12 | 12.4
Unarmed Combat | 5 6 8 9 11 12 13 14 16 17 18 19 | 19.8
Shields        | 2 3 4 |  4.0
Armour         | 2 4 6 7 9 10 11 | 11.3
Invocations    | 3 5 7 |  7.8
Dodging        | 3 5 7 8 9 10 | 10.1
Stealth        | |  2.4

Action                   |  1- 3 |  4- 6 |  7- 9 | 10-12 | 13-15 | 16-18 || total
-------------------------+-------+-------+-------+-------+-------+-------++-------
Melee: Unarmed           |   111 |   218 |   251 |   566 |  1076 |   542 ||  2764
Throw: Stone             |       |       |     9 |     9 |    37 |     3 ||    58
Invok: Bend Time         |       |     1 |     1 |       |       |       ||     2
       Slouch            |       |       |       |       |     8 |     9 ||    17
Evoke: Wand              |       |       |       |     2 |       |       ||     2
  Use: Scroll            |       |    13 |     6 |     9 |    13 |    10 ||    51
       Potion            |       |       |       |     1 |     1 |     3 ||     5
 Stab: Sleeping          |     4 |     4 |    17 |    10 |       |       ||    35
       Distracted        |       |       |       |     1 |       |       ||     1
  Eat: Chunk             |     2 |     7 |     6 |    10 |    16 |     5 ||    46
       Bread ration      |       |       |       |       |       |     1 ||     1
